 Dungeon Crawl Stone Soup version 0.21.1-1-g345015f (webtiles) character file.

186 Fang the Chopper (level 5, -2/51 HPs)
             Began as a Gargoyle Berserker on June 4, 2018.
             Was a Believer of Trog.
             Slain by Rathner's ghost (5 damage)
             ... on level 4 of the Dungeon.
             The game lasted 00:05:02 (3339 turns).

Fang the Chopper (Gargoyle Berserker)               Turns: 3339, Time: 00:05:03

Health: -2/51      AC:  9    Str: 26    XL:     5   Next: 65%
Magic:  5/5        EV: 12    Int:  8    God:    Trog [**....]
Gold:   133        SH:  0    Dex:  9    Spells: 4/4 levels left

rFire    . . .     SeeInvis +   a - +0 hand axe
rCold    . . .     Gourm    .   (no shield)
rNeg     + . .     Faith    .   b - +0 animal skin
rPois    ∞         Spirit   .   (no helmet)
rElec    +         Reflect  .   (no cloak)
rCorr    .         Harm     .   m - +2 pair of gloves
MR       .....                  (no boots)
Stlth    ..........             (no amulet)
HPRegen  0.17/turn              i - ring of flight
MPRegen  0.09/turn              d - ring of see invisible

@: berserking, very quick
A: negative energy resistance 1, electricity resistance, unbreathing,
petrification resistance, rot immunity, AC +4
a: Berserk, Trog's Hand, Burn Spellbooks, Renounce Religion, Evoke Flight


You were on level 4 of the Dungeon.
You worshipped Trog.
Trog was pleased with you.
You were near starving.

You visited 1 branch of the dungeon, and saw 4 of its levels.

You collected 133 gold pieces.

Inventory:

Hand Weapons
 a - a +0 hand axe (weapon)
Armour
 b - a +0 animal skin (worn)
 m - a +2 pair of gloves (worn)
Jewellery
 d - a ring of see invisible (right hand)
 i - a ring of flight (left hand)
 u - an uncursed ring of stealth
Wands
 t - a wand of flame (16)
 v - a wand of disintegration (11)
Scrolls
 e - a scroll of fog {unknown}
 f - 3 scrolls of amnesia {unknown}
 h - a scroll of noise {unknown}
 j - 3 scrolls of remove curse {unknown}
 k - 3 scrolls of identify {unknown}
 n - 2 scrolls of teleportation {unknown}
 p - a scroll of blinking {unknown}
 r - a scroll of random uselessness {unknown}
 s - a scroll of enchant weapon {unknown}
Potions
 g - a potion of degeneration {unknown}
 l - 2 potions of lignification {unknown}
 o - a potion of flight {unknown}
 q - a potion of curing {unknown}
 w - a potion of agility {unknown}
Comestibles
 c - 3 rations


   Skills:
 + Level 4.4 Fighting
 + Level 4.4 Axes
 + Level 2.3 Armour
 + Level 2.5 Dodging
 + Level 0.1 Stealth


You had 4 spell levels left.
You didn't know any spells.

Dungeon Overview and Level Annotations

Branches:
Dungeon (4/15)
 Temple: D:4-7

Altars:
Sif Muna

Annotations:
D:4 Rathner's ghost, amateur GnSk


Innate Abilities, Weirdness & Mutations

You are resistant to torment.
Your stone body is resilient. (AC +4)
You are immune to poison.
You resist negative energy. (rN+)
You are resistant to electric shocks. (rElec)
You can survive without breathing.
You are immune to petrification.
You are immune to rotting.


Message History

Unknown command.
You hit Rathner's ghost.
Rathner's ghost is heavily damaged.
You barely miss the adder. You hit the iguana. The adder closely misses you.
The iguana barely misses you.
Unknown command.
You barely miss Rathner's ghost.
Rathner's ghost is heavily damaged.
You slash the adder!
You kill the adder!
Trog accepts your kill.
You closely miss the iguana. Rathner's ghost hits you!
* * * LOW HITPOINT WARNING * * *
You hit Rathner's ghost.
Rathner's ghost is heavily damaged.
You hit the iguana.
You kill the iguana!
Trog accepts your kill. Rathner's ghost hits you.
You die...

... .... .$. # .. #. #.
###
#..###.#########.#####
.....................###
......†.................
......W@##...##.....#≈##
#...##.†##...##...###≈≈#
#. #..#....#....# ≈≈≈≈
#..##...'...#≈≈#≈≈#
#..##...#...#≈≈≈≈≈≈
...##...##..#≈≈#≈≈≈
...##...##..##≈≈≈≈≈
##...#...#....≈≈≈≈#≈
#.<.#....###≈≈#


You could see Rathner's ghost.

Vanquished Creatures
  An iguana (D:4)
  Natasha (thrice) (D:3)
  3 adders
  2 worms (D:2)
  A dart slug (D:3)
  4 leopard geckos
  An orc (D:3)
  A ball python (D:3)
  5 bats
  A giant cockroach (D:3)
  8 goblins
  4 hobgoblins
  2 jackals (D:3)
  2 quokkas (D:2)
  A frilled lizard (D:2)
  3 kobolds
  6 rats
48 creatures vanquished.

Notes
Turn   | Place    | Note
-------+----------+-------------------------------------------
     0 | D:1      | Fang the Gargoyle Berserker began the quest for the Orb.
     0 | D:1      | Reached XP level 1. HP: 14/14 MP: 1/1
   538 | D:1      | Reached XP level 2. HP: 19/19 MP: 2/2
  1025 | D:2      | Found a faded altar of an unknown god.
  1191 | D:2      | Reached XP level 3. HP: 14/24 MP: 3/3
  1630 | D:2      | Reached ** piety under Trog
  2277 | D:3      | Noticed Natasha
  2292 | D:3      | Killed Natasha
  2292 | D:3      | Reached XP level 4. HP: 29/29 MP: 4/4
  2317 | D:3      | Noticed Natasha
  2560 | D:3      | Killed Natasha
  2728 | D:3      | Reached XP level 5. HP: 29/33 MP: 5/5
  2942 | D:3      | Noticed Natasha
  2955 | D:3      | Killed Natasha
  3169 | D:3      | Found a deep blue altar of Sif Muna.
  3327 | D:4      | Noticed Rathner's ghost (amateur GnSk)
  3339 | D:4      | Slain by Rathner's ghost

Skill      XL: |  1  2  3  4  5 |
---------------+----------------+-----
Axes           | 3 4 |  4.4
Fighting       | 4 |  4.4
Dodging        | 2 |  2.5
Armour         | |  2.3
Stealth        | |  0.1

Action                   |  1- 3 |  4- 6 || total
-------------------------+-------+-------++-------
Melee: Hand axe          |   146 |    62 ||   208
Invok: Berserk           |     2 |     3 ||     5
  Eat: Chunk             |     1 |     6 ||     7
       Ration            |     1 |       ||     1
Armor: Animal skin       |    73 |    31 ||   104
Dodge: Dodged            |   105 |    44 ||   149
